 Dungeon Crawl Stone Soup version 0.31-a0-846-gb3bcc0d938 (webtiles) character file.

Game seed: 7644521003977751433

60 Schnaeble the Cutter (level 4, 0/42 HPs)
             Began as a Naga Fighter on Oct 4, 2023.
             Slain by an orc
             ... wielding a +0 hand axe
              (5 damage)
             ... on level 3 of the Dungeon.
             The game lasted 00:02:10 (1503 turns).

Schnaeble the Cutter (Naga Fighter)                 Turns: 1503, Time: 00:02:10

Health: 0/42       AC:  4    Str: 20    XL:     4   Next: 6%
Magic:  4/4        EV:  7    Int:  9    God:
Gold:   118        SH:  4    Dex: 10    Spells: 3/3 levels left

rFire   . . .        a - +0 rapier
rCold   . . .        c - +0 buckler
rNeg    . . .        b - +0 scale mail
rPois   +            (no helmet)
rElec   .            (no cloak)
rCorr   .            (no gloves)
SInv    +            (no barding)
Will    .....        (no amulet) Stlth
                     (no ring)
HPRegen 0.27/turn    (no ring)
MPRegen 0.09/turn

%: no passive effects
@: mighty, very slow
A: AC +1, large, see invisible, deformed body, poison resistance, slowness 2,
spit poison 1, naga tail 1
a: Spit Poison


You were on level 3 of the Dungeon.
You visited 1 branch of the dungeon, and saw 3 of its levels.

You collected 118 gold pieces.

Inventory:

Hand Weapons
 a - a +0 rapier (weapon)
Armour
 b - a +0 scale mail (worn)
 c - a +0 buckler (worn)
Jewellery
 n - an amulet of regeneration
Wands
 j - a wand of flame (32)
Scrolls
 e - a scroll of noise {unknown}
 h - a scroll of summoning {unknown}
 i - a scroll of immolation {unknown}
 m - a scroll of enchant armour {unknown}
Potions
 f - a potion of resistance {unknown}
 g - a potion of heal wounds {unknown}
 k - 2 potions of brilliance {unknown}
 l - a potion of enlightenment {unknown}
 o - a potion of curing {unknown}


   Skills:
 + Level 3.4 Fighting
 * Level 3.8 Short Blades
 - Level 2.4 Armour
 + Level 0.2 Dodging
 - Level 2.6 Shields


You had 3 spell levels left.
You didn't know any spells.
Your spell library was empty.

Dungeon Overview and Level Annotations

Branches:
Dungeon (3/15)

Altars:
Gozag


Innate Abilities, Weirdness & Mutations

Your serpentine skin is tough. (AC +1)
You have supernaturally acute eyesight. (SInv)
Armour fits poorly on your strangely shaped body.
Your system is resistant to poisons. (rPois)
You cover ground very slowly.
You can spit poison.
You have a snake-like lower body.


Message History

The orc priest hits you with a +0 dagger.
An orc priest comes into view. It is wielding a +0 short sword.
You barely miss the orc priest.
The orc priest is moderately wounded.
The ball python bites you.
The orc priest invokes the aid of Beogh against you.
Beogh smites you!
An orc comes into view.
It is wielding a +0 trident and wearing the ring of the Intense God {rN+ AC+4}.
The orc hits you with a +0 hand axe.
The ball python bites you but does no damage.
The orc shouts!
You feel very mighty all of a sudden. The ball python barely misses you.
The orc priest miscasts a cantrip.
You block the orc priest's attack. The orc hits you with a +0 hand axe.
You are too injured to fight recklessly!
You are too injured to fight recklessly!
You are too injured to fight recklessly!
You hit the orc priest.
The orc priest is severely wounded.
You block the ball python's attack.
The orc priest hits you but does no damage.
The orc hits you with a +0 hand axe.
* * * LOW HITPOINT WARNING * * *
You closely miss the orc priest.
The orc priest is severely wounded.
You block the ball python's attack.
The orc priest hits you with a +0 dagger.
* * * LOW HITPOINT WARNING * * *
The orc hits you with a +0 hand axe.
* * * LOW HITPOINT WARNING * * *
You hit the orc priest.
The orc priest is almost dead.
The ball python bites you but does no damage.
The orc priest miscasts a cantrip.
An orc comes into view. It is wielding a +0 dagger.
The orc hits you from afar with a +0 trident.
* * * LOW HITPOINT WARNING * * *
The orc hits you with a +0 hand axe.
You die...

... ... .... o.
.... ##.# ...
#.. # ##.###o#
..#....o.#
......oo.##
.......@..##
......S$...##
.........<..#
........).#)..#
..........#
#....
..........# ..#
........>..# .
....<....#...
####.###.###..


You could see 2 orc priests, 3 orcs and a ball python.

Vanquished Creatures
  An adder (D:2)
  A worm (D:2)
  A dart slug (D:1)
  7 bats
  2 endoplasms
  2 giant cockroaches (D:1)
  2 goblins
  7 hobgoblins
  5 kobolds
  2 quokkas (D:1)
  6 ball pythons
  3 frilled lizards
  4 rats
43 creatures vanquished.

Notes
Turn   | Place    | Note
-------+----------+-------------------------------------------
     0 | D:1      | Schnaeble the Naga Fighter began the quest for the Orb.
     0 | D:1      | Reached XP level 1. HP: 21/21 MP: 1/1
    82 | D:1      | Reached XP level 2. HP: 28/28 MP: 2/2
   240 | D:1      | Reached XP level 3. HP: 24/34 MP: 3/3
   301 | D:1      | Found a faded altar of an unknown god.
  1092 | D:2      | Found an opulent altar of Gozag.
  1399 | D:2      | Reached XP level 4. HP: 37/42 MP: 4/4
  1499 | D:3      | Identified the ring of the Intense God {rN+ AC+4}
  1503 | D:3      | Slain by an orc

Illustrated notes

Levels and vault maps discovered:
D:1:      dpeg_arrival_ternary, layout_rooms, ebering_ecumenical_altar_webs,
          minmay_misc_feat_five, minmay_pentomino_p4
D:2:      layout_basic, basic_altar, grunt_decor_fettered
D:3:      layout_rooms, gammafunk_ghost_necromancy

Skill      XL: |  1  2 |
---------------+-------+-----
Short Blades   | 3 |  3.8
Fighting       | |  3.4
Armour         | |  2.4
Dodging        | |  0.2
Shields        | |  2.6

Action                     |  1- 3 |  4- 6 || total
---------------------------+-------+-------++-------
  Melee: Rapier            |   123 |    11 ||   134
    Use: Potion            |       |     1 ||     1
 Armour: Scale mail        |   101 |    15 ||   116
  Dodge: Dodged            |    47 |     4 ||    51
  Block: Buckler           |    19 |     3 ||    22

Table legend: (Time is in decaauts)
 A = Elapsed time spent in this place.
 B = Non-inter-level travel time spent in this place.
 C = Inter-level travel time spent in this place.
 D = Time resting spent in this place.
 E = Time spent auto-exploring this place.
 F = Levels seen in this place.
 G = Mean time per level.
                   A        B        C        D        E       F      G
               +--------+--------+--------+--------+--------+-----+--------+
         Total |   1951 |   1882 |     69 |      0 |   1541 |   3 |  650.3 |
       Dungeon |   1951 |   1882 |     69 |      0 |   1541 |   3 |  650.3 |
               +--------+--------+--------+--------+--------+-----+--------+

Top non-repeatable levels by time:
     D:1: 975 daAuts
     D:2: 957 daAuts
     D:3: 19 daAuts
